[Event "*** Titled Tuesday Blitz"]
[Site "Chess.com"]
[Date "2021.02.16"]
[Round "4"]
[White "QuintilianoR"]
[Black "ural58"]
[Result "0-1"]
[WhiteElo "2701"]
[BlackElo "2528"]
[TimeControl "180+1"]
[EndTime "10:42:20 PST"]
[Termination "ural58 won on time"]

1. Nf3 d5 2. e3 Nf6 3. c4 dxc4 4. Bxc4 Nc6 5. d4 e6 6. O-O Bd6 7. Nc3 O-O 8. e4 e5 9. d5 Ne7 10. h3 a6 11. a4 Ng6 12. Re1 Bd7 13. Bg5 h6 14. Be3 Qe7 15. Bf1 Rfd8 16. Qb3 Rab8 17. g3 c6 18. dxc6 bxc6 19. Qc2 a5 20. Nd2 Bb4 21.
Nc4 Be6 22. Rad1 Bc5 23. Rxd8+ Rxd8 24. Nxa5 Rc8 25. Nc4 Qa7 26. Bxc5 Qxc5 27. Ne3 Qb4 28. Nf5 Kh7 29. Rb1 Rb8 30. Bg2 Ra8 31. Ne3 Nd7 32.
Qd2 Nc5 33. Qd6 Qb6 34. Nc4 Qa7 35. Nxe5 Nb7 36. Qc7 Nxe5 37. Qxe5 Nc5 38. Qd4 Qb6 0-1

[Event "*** Titled Tuesday Blitz"]
[Site "Chess.com"]
[Date "2021.02.16"]
[Round "4"]
[White "chescomhuynya"]
[Black "mishanick"]
[Result "0-1"]
[WhiteElo "2583"]
[BlackElo "2998"]
[TimeControl "180+1"]
[EndTime "10:42:20 PST"]
[Termination "mishanick won by resignation"]

1. d4 Nf6 2. c4 e6 3. g3 Bb4+ 4.
Bd2 Be7 5. Bg2 d5 6. Nf3 O-O 7.
O-O Nbd7 8. Qc2 c6 9. Bf4 b6 10. Rd1 Ba6 11. Ne5 Rc8 12. cxd5 Nxd5 13. a3 Nxf4 14. gxf4 Nxe5 15. fxe5 Qc7 16. Nc3 c5 17. e3 cxd4 18. exd4 Rfd8 19. Rac1 Bg5 20. Rb1 Bb7 21. Bxb7 Qxb7 22. Qe4 Qxe4 23. Nxe4 Be7 24. Rd2 f5 25. Nc3 Kf7 26. Rbd1 Rd7 27. Kg2 Rcd8 28. Kf3 g5 29. Nb5 g4+ 30. Ke2 h5 31. Nc3 h4 32. f3 Rg8 33. d5 exd5 34. Nxd5 Bg5 35. f4 Rxd5 36.
Rxd5 Bxf4 37. Rf1 Ke6 38. Rxf4 Kxd5 39. Rxf5 g3 40. hxg3 Rxg3 41. Rh5 h3 42. Kd2 Rg2+ 43. Kc3 h2 44. Kb3 a6 45. Kc3 a5 46. Kb3 b5 47. Ka2 a4 48. e6+ Kxe6 49. Rh6+ Kf5 50.
Rh8 Ke4 51. Re8+ Kf3 52. Rf8+ Ke2 53. Rh8 Kf1 54. Kb1 Kg1 0-1

[Event "*** Titled Tuesday Blitz"]
[Site "Chess.com"]
[Date "2021.02.16"]
[Round "4"]
[White "1977Ivan"]
[Black "hansen"]
[Result "0-1"]
[WhiteElo "2737"]
[BlackElo "2933"]
[TimeControl "180+1"]
[EndTime "10:42:21 PST"]
[Termination "hansen won on time"]

1. c4 e5 2. Nc3 Nf6 3. e3 Bb4 4. Nge2 O-O 5. Ng3 c6 6. a3 Ba5 7.
b4 Bc7 8. Bb2 Re8 9. Be2 d5 10.
cxd5 cxd5 11. Nb5 Bb6 12. Rc1 Nc6 13. d4 e4 14. Nc3 Ne7 15. Na4 Bc7 16. Nc5 Bd6 17. O-O b6 18. Na6 Nf5 19. Qc2 Nxg3 20. hxg3 Bg4 21. Bb5 Bd7 22. a4 Bxb5 23. axb5 Ng4 24.
Qc6 Qf6 25. Nc7 Qh6 26. Rfd1 Qh2+ 27. Kf1 Bxc7 28. Qxc7 Qh1+ 29. Ke2 Qxg2 30. Qf4 Nh2 31. Rc7 Qf3+ 32. Qxf3 exf3+ 33. Kd3 Ng4 34. Rd2 h5 35. Bc3 a6 36. bxa6 Rxa6 37. Bb2 Ra4 38. Bc3 Ra3 39. Rc2 Nf6 40. Kd2 Ne4+ 41. Kc1 Rb3 42. Be1 Ra8 0-1

[Event "*** Titled Tuesday Blitz"]
[Site "Chess.com"]
[Date "2021.02.16"]
[Round "4"]
[White "elohunter1999"]
[Black "Gerodot71"]
[Result "0-1"]
[WhiteElo "2620"]
[BlackElo "2482"]
[TimeControl "180+1"]
[EndTime "10:42:21 PST"]
[Termination "Gerodot71 won on time"]

1. d4 Nf6 2. c4 e6 3. Nc3 Bb4 4. Nf3 d5 5. Bg5 h6 6. Bxf6 Qxf6 7. e3 O-O 8. Rc1 dxc4 9. Bxc4 c5 10. O-O cxd4 11. Ne4 Qe7 12. a3 Ba5 13. Qxd4 Nc6 14. Qc5 Qxc5 15. Nxc5 Bb6 16. Bb5 Ne7 17. Ne5 Bc7 18.
Ned7 Bxd7 19. Bxd7 Be5 20. b4 Bb2 21. Rc2 Bxa3 22.
Rb1 Rfd8 23. Rb3 b6 24. Nxe6 Rxd7 25. Nd4 Bxb4 26. Rxb4 Nf5 27. g4 Nxd4 28. exd4 Rad8 29. Rd2 Rd5 30. h3 R8d7 31. Kg2 g5 32. Rc4 Kg7 33. Kf3 b5 34. Rb4 a5 35. Rb1 b4 36. Ke3 Kf6 37. Ra1 Ke6 38. Ke4 Ke7 39. Ke3 Kd8 40. Rda2 Ra7 41.
Rc1 b3 42. Ra3 Rb5 0-1

[Event "*** Titled Tuesday Blitz"]
[Site "Chess.com"]
[Date "2021.02.16"]
[Round "4"]
[White "c_r_e_e_p_e_r"]
[Black "mr65"]
[Result "0-1"]
[WhiteElo "2381"]
[BlackElo "2135"]
[TimeControl "180+1"]
[EndTime "10:42:21 PST"]
[Termination "mr65 won on time"]

1. e4 e5 2. Nc3 Nf6 3. f4 d5 4. fxe5 Nxe4 5. d3 Nxc3 6. bxc3 Be7 7. d4 O-O 8. Bd3 f5 9. Nf3 c5 10. O-O Nc6 11. Kh1 g6 12. Bh6 Re8 13. Qd2 c4 14. Be2 Bf8 15. Bxf8 Rxf8 16. Qh6 Qe7 17.
Ng5 Qg7 18. Qh4 h6 19. Nh3 g5 20. Qh5 Be6 21. Rab1 b6 22. Nf2 Kh7 23. Nd1 Qg6 24.
Qf3 f4 25. Rc1 g4 26. Qf2 g3 27. Qf3 gxh2 28. Nf2 Qg3 29. Ng4 Bxg4 30. Qxg4 Rg8 31. Qf5+ Rg6 32. Bf3 Ne7 33. Qd7 Rg7 34. Bxd5 Nxd5 35.
Qxd5 Rag8 36. Qe4+ Kh8 37. e6 Rg6 38. Qe5+ Kh7 39. Qe4 Kh8 40. Rxf4 Rxe6 0-1

[Event "*** Titled Tuesday Blitz"]
[Site "Chess.com"]
[Date "2021.02.16"]
[Round "4"]
[White "KeithArkell"]
[Black "GMKrikor"]
[Result "0-1"]
[WhiteElo "2533"]
[BlackElo "2811"]
[TimeControl "180+1"]
[EndTime "10:42:22 PST"]
[Termination "GMKrikor won on time"]

1. d4 Nf6 2. Nf3 g6 3. c4 Bg7 4.
g3 d5 5. cxd5 Nxd5 6. Nc3 Nb6 7.
Bg2 Nc6 8. e3 O-O 9. O-O Re8 10.
b3 e5 11. Nxe5 Nxe5 12. dxe5 Bxe5 13. Bb2 Qxd1 14. Rfxd1 c6 15. Rd2 Bf5 16. Ne2 Bxb2 17. Rxb2 Rad8 18. Nd4 Be4 19. Rc1 Bxg2 20. Kxg2 Re5 21.
Rbc2 Kf8 22. g4 h5 23. h3 hxg4 24. hxg4 Rg5 25. Kf3 Nd7 26. Kf4 Ra5 27. a4 Rd5 28. b4 Ne5 29. Kg3 Nd3 30. Rb1 a6 31. Rc3 Ne5 32.
f4 Nd7 33. g5 Kg7 34. Rh1 a5 35. bxa5 Nc5 36. Rc4 Ne4+ 37. Kg2 Nd6 38. Rb4 c5 39.
Rb6 cxd4 40. exd4 Rxa5 0-1

[Event "*** Titled Tuesday Blitz"]
[Site "Chess.com"]
[Date "2021.02.16"]
[Round "4"]
[White "frenchpin"]
[Black "stepakyedael"]
[Result "1/2-1/2"]
[WhiteElo "2504"]
[BlackElo "2341"]
[TimeControl "180+1"]
[EndTime "10:42:22 PST"]
[Termination "Game drawn by repetition"]

1. e4 c5 2. Nf3 e6 3. c3 a6 4. d4 Qc7 5. Bd3 d6 6. O-O e5 7. Re1 Nf6 8. a3 Be7 9. b4 b6 10. Bb2 O-O 11. Nbd2 Nbd7 12. Rc1 Bb7 13. Bb1 Rfe8 14. h3 Nf8 15. Nc4 Ng6 16. d5 Nf4 17.
Ne3 g6 18. Rc2 Bc8 19. Bc1 Qd7 20. Nc4 Rb8 21. Bxf4 exf4 22. Rd2 b5 23. Na5 Nh5 24.
Nc6 Ra8 25. e5 dxe5 26. Nfxe5 Qd6 27. bxc5 Qxc5 28. d6 Bf6 29. d7 Bxd7 30. Nxd7 Qxc6 31. Rxe8+ Rxe8 32. Rd6 Qxc3 33. Kf1 Bg7 34. Bd3 Qc7 35. Be2 Ng3+ 36. fxg3 fxg3 37. Bg4 Qa7 38. Qd2 Qf2+ 39. Qxf2 gxf2 40. Nc5 f5 41. Bf3 Rc8 42. Bd5+ Kf8 43. Nd3 Bd4 44. Bf3 Bc5 45. Rd5 Be7 46. Nxf2 Bh4 47.
Nd3 Rc3 48. Rd7 Rxa3 49. Ke2 Ra2+ 50. Ke3 Bg5+ 51. Kd4 Rd2 52. Rxh7 Bf6+ 53. Ke3 Bg5+ 54. Kd4 Bf6+ 55. Ke3 Bg5+ 56. Kd4 1/2-1/2

[Event "*** Titled Tuesday Blitz"]
[Site "Chess.com"]
[Date "2021.02.16"]
[Round "4"]
[White "harlem4brew"]
[Black "Sergienko_Sergey"]
[Result "1-0"]
[WhiteElo "2316"]
[BlackElo "2435"]
[TimeControl "180+1"]
[EndTime "10:42:22 PST"]
[Termination "harlem4brew won on time"]

1. e4 c5 2. Nf3 a6 3. d4 cxd4 4. Nxd4 Nf6 5. e5 Qa5+ 6. Nc3 Qxe5+ 7. Be2 Nc6 8. Nxc6 dxc6 9. O-O e6 10. g3 Be7 11.
Bf4 Qa5 12. Bf3 O-O 13. Qe1 Kh8 14. a3 Bd7 15. Rd1 Rad8 16. Kg2 Bc8 17. Bd2 Qc7 18. Na4 b6 19. Bf4 Bd6 20. Rxd6 Rxd6 21. Bxd6 Qxd6 22. Nxb6 Qc5 23. Qb4 Qxb4 24. axb4 Bb7 25. Nc4 Nd5 26. c3 Rd8 27. Na5 Ba8 28. Rd1 Rb8 29. Nb3 Kg8 30. Nc5 a5 31. bxa5 Rxb2 32. Rd3 Rc2 33.
Bd1 Rc1 34. Nb3 Rb1 35. c4 c5 36. cxd5 Bxd5+ 37. Bf3 c4 38. Nd2 Ra1 39. Rc3 Bxf3+ 40. Nxf3 Rxa5 41. Rxc4 g6 42. Nd2 Kg7 43. Nb3 Ra2 44. Nd4 h5 45. Rc2 Ra4 46. Ne2 Ra3 47.
Rc3 Ra2 48. Re3 Rb2 49. f4 Ra2 50. Kf3 Rb2 51. h4 Ra2 52. Rd3 Rb2 53. Nd4 Ra2 54. Nc6 Rb2 55. Ne5 1-0

[Event "*** Titled Tuesday Blitz"]
[Site "Chess.com"]
[Date "2021.02.16"]
[Round "4"]
[White "Make_it_shine060"]
[Black "Chamal_Gedgafov"]
[Result "1-0"]
[WhiteElo "2184"]
[BlackElo "2343"]
[TimeControl "180+1"]
[EndTime "10:42:23 PST"]
[Termination "Make_it_shine060 won on time"]

1. d4 Nf6 2. c4 g6 3. Nc3 Bg7 4. e4 O-O 5. Be2 d6 6. Bg5 c5 7.
d5 h6 8. Bh4 b5 9. cxb5 Qa5 10.
Qd2 a6 11. a4 Qb4 12. f3 Bd7 13. bxa6 Nxa6 14. Nb5 Rfb8 15. Ra3 Nxd5 16. Nh3 Bxb2 17. Rd3 Nf6 18. O-O Bxb5 19. axb5 Rxb5 20. Bxf6 Bxf6 21. Qxh6 Nc7 22. Ng5 Bxg5 23. Qxg5 Ne6 24. Qh6 Nd4 25. f4 Nxe2+ 26. Kh1 Ra3 27. Rxa3 Qxa3 28. f5 Qc3 29. fxg6 Qg7 30. gxf7+ Kf8 31. Qxg7+ Kxg7 32. f8=Q+ Kg6 33. Qf7+ Kg5 34. Qf5+ Kh6 35. Qh3+ Kg7 36. Qg4+ 1-0

[Event "*** Titled Tuesday Blitz"]
[Site "Chess.com"]
[Date "2021.02.16"]
[Round "4"]
[White "ckgchess"]
[Black "ChessWarrior7197"]
[Result "0-1"]
[WhiteElo "2764"]
[BlackElo "2957"]
[TimeControl "180+1"]
[EndTime "10:42:24 PST"]
[Termination "ChessWarrior7197 won on time"]

1. e4 c6 2. d4 d5 3. e5 Bf5 4. Nd2 e6 5. Nb3 a6 6. Nf3 c5 7. dxc5 Bxc5 8. Nxc5 Qa5+ 9. c3 Qxc5 10. Be3 Qc7 11. Nd4 Ne7 12. f4 Nbc6 13. Be2 Be4 14. O-O O-O 15. Nf3 h6 16. a4 Rfd8 17. Kh1 Na5 18.
Nd2 Bh7 19. b4 Nc4 20. Bc5 b6 21. Bf2 Nf5 22. Nxc4 dxc4 23. Qc1 a5 24. Qb2 Rab8 25. Rad1 Ne7 26. Rxd8+ Rxd8 27. bxa5 bxa5 28. Qb6 Qxb6 29. Bxb6 Rd2 30. Bxc4 Be4 31. Rf2 Rd1+ 32. Rf1 Rd2 33. Rf2 Rd7 34. h3 h5 35. Bxa5 h4 36. Bb6 Nf5 37. Kh2 Ng3 38. Bd4 Bc6 39. Bb5 Rb7 40. Rb2 Nf5 41. Bf2 Be4 42. c4 Rb8 43. Rd2 g5 44.
fxg5 Kg7 45. c5 Rc8 46. c6 Kg6 47. Bd3 Bxd3 48. Rxd3 Rxc6 49. a5 Rc2 50. Be1 Ra2 51. Rd1 Ne3 52. Rd2 Nf1+ 0-1

[Event "*** Titled Tuesday Blitz"]
[Site "Chess.com"]
[Date "2021.02.16"]
[Round "4"]
[White "ChelsieMonica"]
[Black "Grimlock_Glasgow"]
[Result "1-0"]
[WhiteElo "2328"]
[BlackElo "2448"]
[TimeControl "180+1"]
[EndTime "10:42:24 PST"]
[Termination "ChelsieMonica won on time"]

1. c4 e5 2. Nc3 Bb4 3. g3 Bxc3 4. bxc3 d6 5. Bg2 Ne7 6. Nf3 O-O 7. O-O c5 8. d4 Nbc6 9. h3 Bf5 10. Be3 b6 11. Nh4 Bd7 12. a3 Qc8 13. Kh2 Nf5 14. Nxf5 Bxf5 15.
dxe5 dxe5 16. Qd5 e4 17. Bxe4 Bxe4 18. Qxe4 Re8 19. Qf4 Qe6 20. Rad1 Rad8 21. Rd3 Ne5 22. Rfd1 Nxd3 23. Rxd3 f6 24. Qc7 Rxd3 25. exd3 Qf7 26.
Qc6 Rd8 27. d4 Qxc4 28. Qc7 Qd5 29. Qxa7 cxd4 30. Bxd4 b5 31. h4 Ra8 32. Qe7 h5 33.
Kh3 Kh7 34. Kh2 b4 35. Qe2 bxa3 36. Qd3+ Kg8 37. c4 Qa5 38. Qf3 a2 39. Ba1 Rb8 40. c5 Rb1 41. Qd5+ Kf8 42. Qd6+ 1-0

[Event "*** Titled Tuesday Blitz"]
[Site "Chess.com"]
[Date "2021.02.16"]
[Round "4"]
[White "DonPreuss"]
[Black "Azde"]
[Result "0-1"]
[WhiteElo "2262"]
[BlackElo "2441"]
[TimeControl "180+1"]
[EndTime "10:42:24 PST"]
[Termination "Azde won on time"]

1. d4 Nf6 2. Nc3 e6 3. e4 d5 4.
exd5 exd5 5. Bd3 Be7 6. Nge2 O-O 7. O-O Re8 8. Ng3 Nbd7 9. Nf5 Bf8 10. Bg5 c6 11.
Qf3 h6 12. Bd2 Nb6 13. Rae1 Rxe1 14. Rxe1 Nc4 15. Bc1 Nd6 16. Ne2 Nxf5 17. Bxf5 Bxf5 18. Qxf5 Qe7 19. Be3 Re8 20. Ng3 Qb4 21. Rb1 Re6 22. c3 Qe7 23. Qf3 g6 24. h4 Ne4 25.
Nxe4 dxe4 26. Qg3 Kh7 27. Bf4 f5 28. Be5 Bg7 29. Bxg7 Qxg7 30. Re1 Qf6 31. b3 h5 32. Qf4 Qe7 33. Re3 Qd6 34. Qxd6 Rxd6 35. f3 Re6 36. fxe4 fxe4 37. Kf2 Kh6 38. Kg3 g5 39. hxg5+ Kxg5 40. c4 a5 41. a3 Kf5 42. Kh4 Kf4 43.
Re1 e3 44. Kxh5 e2 45. d5 cxd5 46. cxd5 Re5+ 0-1

[Event "*** Titled Tuesday Blitz"]
[Site "Chess.com"]
[Date "2021.02.16"]
[Round "4"]
[White "j2806"]
[Black "EnergeticHay"]
[Result "1-0"]
[WhiteElo "2128"]
[BlackElo "2371"]
[TimeControl "180+1"]
[EndTime "10:42:24 PST"]
[Termination "j2806 won by resignation"]

1. e4 c5 2. Nf3 d6 3. d4 cxd4 4. Nxd4 Nf6 5. Nc3 a6 6. Be3 e6 7.
f3 b5 8. Qd2 Nbd7 9. O-O-O Qc7 10. Kb1 b4 11. Nce2 d5 12. exd5 Nxd5 13. Bf2 Bb7 14.
Bg3 Bd6 15. Bxd6 Qxd6 16. c3 Rc8 17. cxb4 Qxb4 18. Qxb4 Nxb4 19. Nc3 Ke7 20. a3 Nd5 21. Nxd5+ Bxd5 22. Bxa6 Rb8 23. Rd2 Nc5 24. Be2 Rb7 25.
Rc1 Nb3 26. Nxb3 Rxb3 27. Bc4 Bxc4 28. Rxc4 Rhb8 29. Ka2 f5 30. Rcd4 Kf6 31. R4d3 R3b6 32. b4 g5 33. Rd6 Rxd6 34. Rxd6 Ke5 35. Rd2 Kf4 36. Kb3 e5 37. a4 e4 38. fxe4 fxe4 39.
a5 e3 40. Rd1 e2 41. Re1 Ke3 42. a6 Kf2 43. Ra1 Rd8 44. a7 Rd1 45. a8=Q Rxa1 46. Qxa1 e1=Q 47. Qxe1+ Kxe1 48. b5 Kf2 49. g4 Kg2 50. b6 Kxh2 51. b7 Kg3 52. b8=Q+ Kxg4 53. Qh2 h5 54. Kc3 Kf5 55. Qxh5 Kf4 56. Qh1 1-0

[Event "*** Titled Tuesday Blitz"]
[Site "Chess.com"]
[Date "2021.02.16"]
[Round "4"]
[White "Zkid"]
[Black "Sibelephant"]
[Result "1-0"]
[WhiteElo "2813"]
[BlackElo "3013"]
[TimeControl "180+1"]
[EndTime "10:42:25 PST"]
[Termination "Zkid won by checkmate"]

1. e4 c5 2. Nf3 d6 3. d4 cxd4 4.
Nxd4 Nf6 5. f3 Nc6 6. c4 Qb6 7.
Nc2 g6 8. Nc3 Bg7 9. Rb1 Nd7 10.
Nd5 Qd8 11. Bg5 h6 12. Be3 Nc5 13. b4 Na4 14. Nd4 Nb6 15. Nb5 O-O 16. Qd2 Kh7 17. Be2 f5 18. exf5 Bxf5 19. Rc1 Na4 20. O-O a6 21.
Nd4 Bd7 22. Bd1 Ne5 23. Bxa4 Bxa4 24. Ne6 Qd7 25. Nxg7 Kxg7 26. Bxh6+ Kh7 27. Bxf8 Rxf8 28.
f4 Ng4 29. Rce1 e6 30. Nc3 Bc6 31. b5 axb5 32. cxb5 Bxb5 33. Nxb5 Qxb5 34. Qxd6 Rf7 35. h3 Nh6 36. Rxe6 Nf5 37. Qe5 Qd3 38. Re8 Ng7 39. Re7 Rxe7 40. Qxe7 b5 41. Qe5 Qc4 42. a3 Nf5 43. Rd1 Qc6 44. Rd8 Ng7 45. Qd4 Qc1+ 46. Kh2 Qxa3 47. Rd7 Qf8 48. Rb7 Kh6 49. Rxb5 Ne6 50.
Qe5 Nxf4 51. Qg5+ Kh7 52. Rb7+ Kh8 53. Qh4+ Kg8 54. Qh7# 1-0

[Event "*** Titled Tuesday Blitz"]
[Site "Chess.com"]
[Date "2021.02.16"]
[Round "4"]
[White "FMKonstantin_Twitch"]
[Black "Sjakkerntobi"]
[Result "1/2-1/2"]
[WhiteElo "2599"]
[BlackElo "2332"]
[TimeControl "180+1"]
[EndTime "10:42:26 PST"]
[Termination "Game drawn by agreement"]

1. Nf3 d5 2. g3 Nf6 3. Bg2 c5 4.
O-O Nc6 5. d4 cxd4 6. Nxd4 e5 7.
Nxc6 bxc6 8. c4 Be7 9. cxd5 cxd5 10. Nc3 Be6 11. Qa4+ Qd7 12. Qxd7+ Kxd7 13. Rd1 Kc6 14. Bg5 Rhd8 15. Rac1 Kb6 16. Bxf6 Bxf6 17. Nxd5+ Bxd5 18. Bxd5 Rac8 19. e4 Bg5 20. Rxc8 Rxc8 21. Bxf7 Rc1 22. Rxc1 Bxc1 23. b3 Kc6 24. Kg2 Kc5 25. Kf3 Kd4 26. Ke2 a5 27. Bd5 Ba3 28. f4 Bc1 29.
Kf3 Bd2 30. Kg4 Be3 31. Kf5 exf4 32. gxf4 Kc5 33. Bc4 Kd6 34. e5+ Ke7 35. Ke4 Bg1 36. h3 Bh2 37. f5 h6 38. Kd5 Bg3 39. a3 Be1 40. Kc6 Bc3 41. Kb5 Bxe5 42. Kxa5 Kd6 43. Kb5 Kc7 44. a4 Bd4 45. a5 Bf2 46. b4 Be1 47. Bd5 Bd2 48. Ka4 Kd6 49. Be4 Be1 50.
b5 Kc5 51. b6 Bg3 52. Bd3 Bf4 53. Kb3 Bd2 54. b7 Bf4 55. a6 Bb8 56. Kc3 Kb6 57. Kd4 Ka7 58. Kd5 Bg3 59. Ke6 Kb8 60. Be4 Bf2 61.
f6 gxf6 62. Kxf6 Be3 63. h4 Bc1 64. h5 Bd2 65. Kg6 Bc1 66. Kf6 Bd2 67. Ke6 Bg5 68. Kd6 Bf4+ 69. Kc6 Be3 70. Bf5 Bf4 1/2-1/2

[Event "*** Titled Tuesday Blitz"]
[Site "Chess.com"]
[Date "2021.02.16"]
[Round "4"]
[White "rasmussvane"]
[Black "Lagmantr"]
[Result "1-0"]
[WhiteElo "2923"]
[BlackElo "2713"]
[TimeControl "180+1"]
[EndTime "10:42:30 PST"]
[Termination "rasmussvane won by resignation"]

1. Nf3 d5 2. g3 Bg4 3. Bg2 Nd7 4. O-O Ngf6 5. h3 Bxf3 6. Bxf3 e5 7. d3 Bd6 8. e4 d4 9. Nd2 c5 10. a4 O-O 11. Bg2 g6 12. f4 exf4 13. gxf4 Nh5 14. e5 Bc7 15. Bxb7 Rb8 16. Bg2 f6 17. e6 Nb6 18.
Ne4 Nd5 19. f5 Ne3 20. Bxe3 dxe3 21. Qg4 Kg7 22. b3 Qd4 23. Rae1 c4 24. dxc4 Qe5 25.
Rf3 Qh2+ 26. Kf1 Nf4 27. Rfxe3 Nxe6 28. Nf2 Nf4 29. Re7+ Rf7 30. fxg6 hxg6 31. Rxf7+ Kxf7 32. Bd5+ Kf8 33. Bg2 Rd8 34. Nd3 Rd4 35. Nc5 f5 36. Qg5 Qxg2+ 37. Qxg2 Nxg2 38. Kxg2 Rd2+ 39.
Kf3 Kf7 40. Nd3 Ba5 41. Nf4 g5 42. Nd5 g4+ 43. hxg4 fxg4+ 44. Kxg4 Rxd5 45. Rf1+ Ke6 46. cxd5+ Kxd5 47. Rf5+ Kd4 48. Rxa5 1-0

[Event "*** Titled Tuesday Blitz"]
[Site "Chess.com"]
[Date "2021.02.16"]
[Round "4"]
[White "maxip32"]
[Black "Mr_Heisenberg13"]
[Result "0-1"]
[WhiteElo "2502"]
[BlackElo "2695"]
[TimeControl "180+1"]
[EndTime "10:42:30 PST"]
[Termination "Mr_Heisenberg13 won on time"]

1. e4 e5 2. Nf3 Nf6 3. d4 Nxe4 4. Bd3 d5 5. dxe5 Nc5 6. Be2 Nc6 7. Nbd2 Be7 8. Nb3 Nxb3 9. axb3 O-O 10. O-O Be6 11. c3 f6 12. exf6 Bxf6 13. Bb5 Qd6 14. Re1 Bg4 15. Be2 Rae8 16. h3 Bh5 17. Be3 Rxe3 18. fxe3 Bf7 19. Rf1 Re8 20. Qd2 Qg3 21. Bd3 h6 22.
Qf2 Qd6 23. Rae1 Ne5 24. Nxe5 Rxe5 25. e4 Bg6 26. Qxa7 dxe4 27. Bc4+ Kh7 28. Qxb7 e3 29. Qf3 Qe7 30. Re2 Bg5 31. Rfe1 Be4 32. Qg4 Bf5 33. Qf3 Be4 34. Qg3 Bb7 35. Bd3+ Kh8 36. Qg4 Qd6 37.
Bc4 Qf6 38. Rf1 Qe7 39. Rfe1 Qf6 40. Rf1 Qe7 41. Qg3 Bh4 42. Rf8+ Kh7 43. Bg8+ Kh8 44.
Qg6 Be4 0-1

[Event "*** Titled Tuesday Blitz"]
[Site "Chess.com"]
[Date "2021.02.16"]
[Round "4"]
[White "Neftegor"]
[Black "MartinMatthiesen"]
[Result "1-0"]
[WhiteElo "2578"]
[BlackElo "2366"]
[TimeControl "180+1"]
[EndTime "10:42:31 PST"]
[Termination "Neftegor won by checkmate"]

1. e4 c6 2. Nf3 d5 3. Nc3 Bg4 4. h3 Bxf3 5. Qxf3 e6 6. d3 Nf6 7. a3 Nbd7 8. g3 Bc5 9. Bg2 O-O 10. O-O a5 11. Qe2 Qc7 12. Kh2 Rfe8 13. f4 e5 14. f5 d4 15. Nb1 Bd6 16. Nd2 b5 17. g4 Rf8 18. g5 Ne8 19. Nf3 c5 20. a4 c4 21.
axb5 cxd3 22. cxd3 Qb6 23. g6 fxg6 24. Ng5 Nef6 25.
Bf3 Nc5 26. Ra3 Qxb5 27. Rg1 Nb3 28. Rxb3 Qxb3 29. Ne6 Rfc8 30. Kh1 Rc2 31. Qe1 Rac8 32. Bg5 Qxb2 33. Qg3 Qa2 34. Bd1 Rd2 35. Bxd2 Qxd2 36. fxg6 h6 37. Bb3 Kh8 38. Bc4 Rb8 39. Qg2 Rb2 40.
Qxd2 Rxd2 41. Ra1 Bb4 42. Nc7 Nh5 43. Nd5 Ng3+ 44. Kg1 Ne2+ 45. Kf2 Nc3+ 46. Kf3 Nxd5 47.
exd5 Kg8 48. d6+ Kf8 49. Ke4 Re2+ 50. Kd5 Ke8 51. Ke6 Kd8 52. Rf1 e4 53. Rf8# 1-0

[Event "*** Titled Tuesday Blitz"]
[Site "Chess.com"]
[Date "2021.02.16"]
[Round "4"]
[White "cassoulet"]
[Black "Lion-Al-Messi"]
[Result "1-0"]
[WhiteElo "2733"]
[BlackElo "2516"]
[TimeControl "180+1"]
[EndTime "10:42:32 PST"]
[Termination "cassoulet won by resignation"]

1. e4 b6 2. d4 Bb7 3. Nc3 e6 4. Bd3 Bb4 5. Ne2 d5 6. O-O dxe4 7. Nxe4 Nf6 8. Bg5 Nbd7 9. N2g3 h6 10. Be3 Nd5 11. c3 Be7 12. Qe2 N7f6 13. Nxf6+ gxf6 14. Bd2 f5 15. Rfe1 Qd6 16. c4 Nf4 17. Bxf4 Qxf4 18. d5 O-O-O 19. dxe6 fxe6 20. Qxe6+ Kb8 21. Qxf5 Qxf5 22. Bxf5 Bf6 23. Re2 h5 24. Ne4 Bd4 25. Ng5 Rdg8 26. h4 Bf6 27. f4 Bd4+ 28. Kh2 Rf8 29. Rd1 Bc5 30. Be4 Rxf4 31. g3 Rf6 32.
Bxb7 Kxb7 33. Ne4 Rc6 34. Rd5 Bb4 35. a3 Be7 36. Rd7 Bf6 37. c5 bxc5 38. Rc2 Bd4 39.
b4 Re8 40. Nxc5+ Bxc5 41. bxc5 Re5 42. Rb2+ Kc8 43. Rh7 Rexc5 44. Rb3 Rb6 45. Re3 Kb7 46. Kg2 Rb2+ 47. Kf3 Rf5+ 48. Ke4 Ra5 49. Rc3 Ra4+ 50. Kf5 Rf2+ 51. Kg6 Ra5 52. Rhxc7+ Kb6 53. R7c6+ Kb7 54. R6c5 Ra6+ 55. Kxh5 Rf7 56. Rb5+ Rb6 57. Rxb6+ axb6 58. Kg6 Rd7 59. h5 Rd6+ 60. Kf5 Rd5+ 61. Kg4 Rd6 62.
Kg5 Rd5+ 63. Kh4 Rd6 64. g4 Rd4 65. h6 Rd1 66. Kg5 Rh1 67. Kg6 Rf1 68. g5 Rg1 69. h7 1-0

[Event "*** Titled Tuesday Blitz"]
[Site "Chess.com"]
[Date "2021.02.16"]
[Round "4"]
[White "bazar-wokzal"]
[Black "FredyMatsuura"]
[Result "0-1"]
[WhiteElo "2557"]
[BlackElo "2297"]
[TimeControl "180+1"]
[EndTime "10:42:32 PST"]
[Termination "FredyMatsuura won by resignation"]

1. e4 c5 2. c3 e6 3. d4 d5 4. e5 Qb6 5. Nf3 Bd7 6. a3 cxd4 7. cxd4 Bb5 8. Bxb5+ Qxb5 9. Nc3 Qa6 10. Rb1 Ne7 11.
b4 Nf5 12. b5 Qa5 13. Bd2 Qxa3 14. O-O Qe7 15. Qc2 Qd8 16. Rfc1 Be7 17. Rb3 O-O 18.
g3 Nd7 19. Nxd5 exd5 20. Qxf5 Nb6 21. Bg5 h6 22. Bf4 Nc4 23. h4 Qc8 24. Qh5 Qe6 25.
Nh2 a5 26. bxa6 bxa6 27. Ng4 Qg6 28. Qxg6 fxg6 29. Rb7 Ba3 30. Rcb1 Rf7 31. Ne3 Nxe3 32. fxe3 a5 33. e6 Re7 34. Be5 Bb4 35. e4 Rxb7 36. exd5 a4 37. d6 a3 38. d7 a2 39. Ra1 Be7 40. d5 Kf8 41. d6 Rb1+ 42. Kf2 Rxa1 43. dxe7+ Kxe7 44. Bxa1 Kxe6 45. Bxg7 Kxd7 46.
Ba1 Rb8 47. Ke3 Rb1 48. Bg7 a1=Q 49. Bxa1 Rxa1 50. h5 gxh5 51. Kf4 Ra5 0-1

[Event "*** Titled Tuesday Blitz"]
[Site "Chess.com"]
[Date "2021.02.16"]
[Round "4"]
[White "vovachesss"]
[Black "CroissantNeuf"]
[Result "1-0"]
[WhiteElo "2662"]
[BlackElo "2469"]
[TimeControl "180+1"]
[EndTime "10:42:33 PST"]
[Termination "vovachesss won on time"]

1. Nf3 Nf6 2. g3 g6 3. Bg2 Bg7 4. b3 O-O 5. Bb2 a5 6. O-O a4 7.
bxa4 Rxa4 8. d3 b6 9. c4 Ra7 10.
Nc3 Bb7 11. e4 d6 12. Re1 e5 13. a4 Nc6 14. Nd5 Nd7 15. d4 exd4 16. Nxd4 Nxd4 17.
Bxd4 Bxd5 18. cxd5 Bxd4 19. Qxd4 Qf6 20. Qxf6 Nxf6 21.
e5 dxe5 22. Rxe5 Re8 23. Rxe8+ Nxe8 24. Bf1 Nd6 25. Rc1 Kf8 26. Bb5 Ke7 27. Re1+ Kf6 28. Bc6 Ra5 29. Rc1 Ne4 30. Bb5 Nc5 31. Re1 Nxa4 32.
Bxa4 Rxa4 33. Rc1 Ra7 34. f4 Ke7 35. Rc6 Kd7 36. Rf6 Ke7 37. Rc6 h5 38. Kf2 b5 39.
Ke3 b4 40. Kd3 Rb7 41. Kc2 Kd7 42. Rf6 Ke7 43. Rc6 Kd7 44. f5 gxf5 45. Rf6 Ke7 46.
Rxf5 h4 47. g4 Kd6 48. Kb3 1-0

[Event "*** Titled Tuesday Blitz"]
[Site "Chess.com"]
[Date "2021.02.16"]
[Round "4"]
[White "GoltsevDmitry2000"]
[Black "arminmusovic"]
[Result "1/2-1/2"]
[WhiteElo "2634"]
[BlackElo "2477"]
[TimeControl "180+1"]
[EndTime "10:42:33 PST"]
[Termination "Game drawn by repetition"]

1. c4 c5 2. g3 Nc6 3. Bg2 g6 4.
Nc3 Bg7 5. Nf3 Nf6 6. d4 cxd4 7. Nxd4 Nxd4 8. Qxd4 O-O 9. O-O d6 10. Qd3 a6 11.
Bd2 Bf5 12. e4 Be6 13. Nd5 Nxd5 14. cxd5 Bd7 15. Qb3 a5 16. Rac1 b5 17. Be3 a4 18.
Qb4 Qa5 19. Qxa5 Rxa5 20. Rc7 Bc8 21. Rfc1 Ra8 22. b3 axb3 23. axb3 Bb2 24. Rb1 Bf6 25. Bf1 Bg4 26. Kg2 b4 27. h3 Bc8 28. Bd2 Bd4 29. Bxb4 Ra2 30. Be1 f5 31. Rc4 Bxf2 32.
Bxf2 fxe4 33. Rxe4 Bf5 34. Rxe7 Bxb1 35. Be2 Bd3 36.
Bf3 Bf1+ 37. Kxf1 Rxf3 38. Re2 Rxe2 39. Kxe2 Rxb3 40. Be3 Kf7 41. Kf3 Ra3 42. Ke4 Ra4+ 43. Bd4 g5 44. g4 Ra3 45. Be3 h6 46. Kd4 Ke7 47. Ke4 Kd7 48. Kd4 Ke7 49. Ke4 Ra4+ 50. Kf5 Ra3 51. Ke4 1/2-1/2